AoeStats
← Schantiiniiii

African Clearing

505511265Analyzed
4v4 RM · 22d ago on Sep 9, 2026· 43m 7s· 8 players
Game mode
Random Map
Map size
Large (8 player)
Population
200
Speed
Normal
Resources
Standard
Victory
Conquest
Starting age
Dark Age
Ending age
Imperial Age
RankedLock teamsTeams togetherTeam positionsShared explorationLock speedFull tech treeHidden civsTurbo modeCheats
Victory
Defeat
🇵🇱 Jurchens · Poland
1658
+14
🇨🇳 Mongols · China
1586
+17
🇧🇷 Huns · Brazil
1565
+18
🇨🇳 Mapuche · China
1519
+19
🇨🇭 Bengalis · Switzerland
1678
-21
🇩🇪 Huns · Germany
1650
-19
🇫🇷 Koreans · France
1564
-15
🇩🇪 Vietnamese · Germany
1517
-13
twitch.tv/gliedi69
4:15 Loom
12:13 Feudal Age
12:47 Double-Bit Axe
15:14 Fletching
17:56 Horse Collar
20:07 Wheelbarrow
22:37 Castle Age
21:19 Gold Mining
23:30 Bodkin Arrow
22:57 Crossbowman
23:44 Thumb Ring
27:23 Bow Saw
Schantiiniiii
8:51 Loom
13:12 Feudal Age
17:00 Castle Age
16:58 Double-Bit Axe
17:29 Fletching
19:41 Bodkin Arrow
21:56 Town Watch
23:10 Forging
24:24 Bow Saw
26:05 Wheelbarrow
26:18 Husbandry
26:29 Bloodlines
28:43 Iron Casting
27:58 Horse Collar
28:42 Ballistics
28:41 Padded Archer Armor
30:17 Heavy Plow
31:33 Paiks
32:54 Stone Mining
32:55 Gold Mining
34:45 Hand Cart
37:47 Gold Shaft Mining
41:11 Imperial Age
39:07 Scale Barding Armor
41:21 Chain Barding Armor
43:01 Plate Barding Armor
Pfienz
4:25 Loom
14:23 Feudal Age
15:49 Fletching
27:45 Double-Bit Axe
37:29 Castle Age
Senetar
6:32 Loom
13:59 Feudal Age
18:07 Castle Age
16:01 Double-Bit Axe
17:32 Horse Collar
19:36 Fletching
28:11 Pikeman
30:10 Padded Archer Armor
31:06 Bodkin Arrow
35:11 Heavy Plow
35:37 Leather Archer Armor
41:57 Wheelbarrow
44:32 Imperial Age
41:48 Town Watch
43:00 Bow Saw
Marlin
10:30 Loom
13:38 Feudal Age
18:29 Castle Age
16:44 Double-Bit Axe
17:49 Horse Collar
19:51 Bow Saw
26:02 Forging
37:45 Wheelbarrow
42:24 Imperial Age
41:08 Iron Casting
41:21 Gold Mining
41:32 Heavy Plow
41:23 Stone Mining
41:54 Fletching
42:04 Padded Archer Armor
43:09 Butalmapu
42:54 Elite Kona
p1c0
3:47 Loom
13:09 Feudal Age
13:54 Double-Bit Axe
15:09 Fletching
18:13 Padded Archer Armor
25:14 Wheelbarrow
30:41 Castle Age
29:56 Gold Mining
29:57 Stone Mining
30:46 Crossbowman
31:25 Bodkin Arrow
34:17 Ballistics
43:41 Hand Cart
ForeveR
11:15 Loom
13:28 Feudal Age
17:37 Castle Age
15:34 Double-Bit Axe
16:49 Scale Barding Armor
16:32 Horse Collar
23:11 Bow Saw
24:09 Chain Barding Armor
27:34 Wheelbarrow
26:44 Town Watch
27:16 Husbandry
28:06 Bloodlines
30:28 Hand Cart
31:50 Stone Mining
31:52 Gold Mining
32:39 Heavy Plow
33:57 Gold Shaft Mining
33:12 Stone Mining
36:16 Imperial Age
34:37 Forging
37:36 Plate Barding Armor
38:03 Iron Casting
37:06 Elite Steppe Lancer
38:57 Coinage
40:39 Blast Furnace
40:12 Banking
42:28 Stone Mining
牛比无极限
6:10 Loom
8:54 Loom
13:36 Feudal Age
19:47 Castle Age
28:20 Fletching
29:30 Bodkin Arrow
37:38 Ballistics
43:54 Imperial Age
41:14 Horse Collar
41:27 Double-Bit Axe
42:57 Bow Saw
Connection lost

Rejoining the realm…

Still unreachable

The connection could not be restored.

Session expired

The server has moved on; the page needs a fresh start.